 Dungeon Crawl Stone Soup version 0.23-a0-451-g1044d4c (webtiles) character file.

129 galech the Skirmisher (level 4, -5/35 HPs)
             Began as a Demonspawn Fighter on Nov 22, 2018.
             Slain by a gnoll
             ... wielding a +0 halberd
              (7 damage)
             ... on level 2 of the Dungeon.
             The game lasted 00:02:21 (1734 turns).

galech the Skirmisher (Demonspawn Fighter)          Turns: 1734, Time: 00:02:22

Health: -5/35      AC:  8    Str: 16    XL:     4   Next: 88%
Magic:  4/4        EV:  7    Int: 10    God:
Gold:   131        SH:  9    Dex: 13    Spells: 3/3 levels left

rFire    + . .     SeeInvis .   a - +0 war axe
rCold    . . .     Gourm    .   c - +0 shield
rNeg     . . .     Faith    .   b - +0 scale mail
rPois    .         Spirit   .   p - +0 helmet (curse)
rElec    .         Reflect  .   (no cloak)
rCorr    .         Harm     .   (no gloves)
MR       .....                  (no boots)
Stlth    ..........             (no amulet)
HPRegen  0.11/turn              (no ring)
MPRegen  0.09/turn              (no ring)

@: no status effects
A: fire resistance 1, flame cloud immunity
a: no special abilities


You were on level 2 of the Dungeon.
You were not hungry.

You visited 1 branch of the dungeon, and saw 3 of its levels.

You collected 131 gold pieces.

Inventory:

Hand Weapons
 a - a +0 war axe (weapon)
Armour
 b - a +0 scale mail (worn)
 c - a +0 shield (worn)
 p - a cursed +0 helmet (worn)
Scrolls
 h - a scroll of blinking {unknown}
 k - 5 scrolls of teleportation {unknown}
 m - a scroll of enchant armour {unknown}
 n - a scroll of immolation {unknown}
 o - a scroll of magic mapping {unknown}
 q - a scroll of identify {unknown}
 r - 3 scrolls of enchant weapon {unknown}
Potions
 e - 2 potions of cancellation {unknown}
 g - 2 potions of curing {unknown}
 i - 2 potions of invisibility {unknown}
 j - 4 potions of heal wounds {unknown}
Comestibles
 d - 3 chunks of flesh
 f - 3 rations


   Skills:
 + Level 3.4 Fighting
 + Level 3.1 Axes
 + Level 3.2 Armour
 + Level 1.0 Dodging
 + Level 3.3 Shields


You had 3 spell levels left.
You didn't know any spells.
Your spell library was empty.

Dungeon Overview and Level Annotations

Branches:
Dungeon (3/15)

Altars:
Trog
Uskayaw
The Shining One


Innate Abilities, Weirdness & Mutations

Your flesh is heat resistant. (rF+)
You are immune to clouds of flame.


Message History

* * * LOW HITPOINT WARNING * * *
You climb upwards.
There is a stone staircase leading down here.
You hit the gnoll.
The gnoll is moderately wounded.
You hit the orc. You block the orc's attack.
The gnoll hits you but does no damage.
You hit the gnoll but do no damage.
The gnoll is moderately wounded.
Your shield and scale mail prevent you from hitting the orc.
You block the orc's attack. The gnoll barely misses you.
You hit the gnoll.
The gnoll is heavily wounded.
You hit the orc. You block the orc's attack.
The gnoll hits you but does no damage.
You closely miss the gnoll.
The gnoll is heavily wounded.
You closely miss the orc. The orc closely misses you.
The gnoll hits you with a +0 halberd!
You die...

######## #......#
#.####.#
##########.####.#
#........#......#
##........#....g[#
................@#
#.........#.....o#
#........####....#
.................####
....................#
....................#
....................#
.....##.............#
.....#.......########


You could see a gnoll and an orc.

Vanquished Creatures
  Jessica (D:2)
  A gnoll (D:2)
  2 adders (D:2)
  An ooze (D:1)
  A worm (D:3)
  A dart slug (D:2)
  2 leopard geckos (D:3)
  3 orcs (D:3)
  A ball python (D:3)
  2 giant cockroaches
  5 goblins
  6 hobgoblins
  8 jackals (D:3)
  2 quokkas (D:2)
  10 bats
  A frilled lizard (D:2)
  6 kobolds (D:1)
  A quokka skeleton (D:2)
  7 rats
61 creatures vanquished.

Notes
Turn   | Place    | Note
-------+----------+-------------------------------------------
     0 | D:1      | galech the Demonspawn Fighter began the quest for the Orb.
     0 | D:1      | Reached XP level 1. HP: 18/18 MP: 1/1
    71 | D:1      | Gained mutation: Your flesh is heat resistant. (rF+)
                  | [demonic ancestry]
    71 | D:1      | Reached XP level 2. HP: 23/24 MP: 2/2
   475 | D:2      | Found a bloodstained altar of Trog.
   519 | D:2      | Reached XP level 3. HP: 16/29 MP: 3/3
   845 | D:2      | Noticed Jessica
   850 | D:2      | Killed Jessica
   850 | D:2      | Gained mutation: You are immune to clouds of flame.
                  | [demonic ancestry]
   850 | D:2      | Reached XP level 4. HP: 35/35 MP: 4/4
   947 | D:2      | Found a hide-covered altar of Uskayaw.
   951 | D:2      | Found a glowing golden altar of the Shining One.
  1340 | D:3      | Reached skill level 1 in Dodging
  1729 | D:3      | HP: 1/35 [gnoll/+0 halberd (5)]
  1734 | D:2      | Slain by a gnoll

Vault maps used:
D:1:      dpeg_arrival_ternary, minmay_pentomino_x4
D:2:      overflow_temple_1_default, chequers_temple_overflow_statue_of_worship,
          uniq_jessica

Skill      XL: |  1  2  3  4 |
---------------+-------------+-----
Axes           | 2 3 |  3.1
Shields        | 3 |  3.3
Dodging        | 1 |  1.0
Armour         | 3 |  3.2
Fighting       | |  3.4

Action                   |  1- 3 |  4- 6 || total
-------------------------+-------+-------++-------
Melee: War axe           |    69 |    86 ||   155
  Use: Potion            |       |     1 ||     1
  Eat: Chunk             |       |     3 ||     3
Armor: Scale mail        |    34 |    53 ||    87
Dodge: Dodged            |    24 |    40 ||    64
Block: Shield            |    41 |    67 ||   108

Table legend:
 A = Non-vault XP
 B = Vault XP
 C = Vault XP percentage of total XP
 D = Non-vault monster count
 E = Vault monster count
 F = Vault count percentage of total count
                 A         B        C        D         E       F
            +---------+---------+-------+---------+---------+-------
      Total |     143 |      42 |  22.7 |      57 |       4 |   6.6
            +---------+---------+-------+---------+---------+-------
        D:1 |      32 |       5 |  13.5 |      20 |       3 |  13.0
        D:2 |      64 |      37 |  36.6 |      16 |       1 |   5.9
        D:3 |      47 |       0 |   0.0 |      21 |       0 |   0.0
            +---------+---------+-------+---------+---------+-------
